 Dungeon Crawl Stone Soup version 0.30-a0-996-ga6910c8ee8 (webtiles) character file.

Game seed: 18171689733848691113

38 Juicyj the Chopper (level 3, -2/31 HPs)
             Began as a Minotaur Gladiator on Apr 4, 2023.
             Slain by Sigmund
             ... wielding a +0 scythe
              (3 damage)
             ... on level 2 of the Dungeon.
             The game lasted 00:01:11 (1060 turns).

Juicyj the Chopper (Minotaur Gladiator)             Turns: 1060, Time: 00:01:11

Health: -2/31      AC:  3    Str: 20    XL:     3   Next: 25%
Magic:  2/2        EV: 12    Int:  5    God:
Gold:   59         SH:  0    Dex: 11    Spells: 2/2 levels left

rFire   . . .      SeeInvis .    a - +0 war axe
rCold   . . .      Faith    .    (no shield)
rNeg    . . .      Spirit   .    b - +0 leather armour
rPois   .          Reflect  .    c - +0 hat
rElec   .          Rampage  .    (no cloak)
rCorr   .                        (no gloves)
Will    .....                    (no boots)
Stlth   +                        (no amulet)
HPRegen 0.25/turn                (no ring)
MPRegen 0.08/turn                (no ring)

@: confused, brilliant
A: horns 2, retaliatory headbutt
a: no special abilities


You were on level 2 of the Dungeon.
You visited 1 branch of the dungeon, and saw 2 of its levels.

You collected 59 gold pieces.

Inventory:

Hand Weapons
 a - a +0 war axe (weapon)
Armour
 b - a +0 leather armour (worn)
 c - a +0 hat (worn)
Scrolls
 f - a scroll of noise {unknown}
 g - a scroll of fog {unknown}
 j - a scroll of identify {unknown}
 k - 2 scrolls of enchant armour {unknown}
 l - a scroll of vulnerability {unknown}
Potions
 h - a potion of invisibility {unknown}
 i - 2 potions of brilliance
 m - a potion of curing {unknown}
 n - a potion of heal wounds {unknown}


   Skills:
 + Level 3.0 Fighting
 + Level 4.1 Axes
 + Level 2.5 Throwing
 + Level 3.7 Dodging


You had 2 spell levels left.
You didn't know any spells.
Your spell library contained the following spells:

 Spells                   Type           Power      Damage    Failure   Level
 Cigotuvi's Dreadful Rot  Necr/Pois/Air  0%         N/A       67%         2
 Poisonous Vapours        Pois/Air       0%         N/A       67%         2
 Mephitic Cloud           Conj/Pois/Air  0%         N/A       88%         3


Dungeon Overview and Level Annotations

Branches:
Dungeon (2/15)

Altars:

Annotations:
D:2 Sigmund


Innate Abilities, Weirdness & Mutations

You have a pair of horns on your head.
You reflexively headbutt those who attack you in melee.


Message History

You are too confused!
You are too confused!
You are too confused!
You are too confused!
You are too confused!
You are too confused!
You are too confused!
You are too confused!
You are too confused!
You bump into the rock wall.
Sigmund hits you with a +0 scythe!
* * * LOW HITPOINT WARNING * * *
Non-targeted confused throw: 3 throwing nets
Press: ? - help, Q - select action, (/) - cycle Dir - look around, f - activate Look: Sigmund, wielding a +0 scythe and wearing a +0 robe You throw a throwing net.
Non-targeted confused throw: 2 throwing nets
Press: ? - help, Q - select action, (/) - cycle Dir - look around, f - activate Look: Sigmund, wielding a +0 scythe and wearing a +0 robe You throw a throwing net.
Sigmund hits you but does no damage.
Non-targeted confused throw: throwing net
Press: ? - help, Q - select action, (/) - cycle Dir - look around, f - activate Look: Sigmund, wielding a +0 scythe and wearing a +0 robe You throw a throwing net.
You bump into the rock wall.
Sigmund barely misses you.
Non-targeted confused throw: javelin
Press: ? - help, Q - select action Dir - look around, f - activate Look: Sigmund, wielding a +0 scythe and wearing a +0 robe You throw a javelin.
You feel less confused. Sigmund gestures at you while chanting.
You are confused.
You hit Sigmund.
Sigmund is moderately wounded.
Sigmund hits you with a +0 scythe.
* * * LOW HITPOINT WARNING * * *
It was a potion of brilliance.
You feel clever all of a sudden. Sigmund hits you with a +0 scythe.
You die...

........###.#....#...†
###.#....####....#....
#.###..........#.... #
#.....##...#....
#..##.##...#....
#..##..#...###+#
#..........#
#######.####(....#
#...@@....###....#
#.######..###.#+##
#......# #.###### #.#
..# ...# ..... ....##


You could see Sigmund.

Vanquished Creatures
  An adder (D:2)
  3 ball pythons (D:1)
  4 endoplasms
  3 goblins
  5 hobgoblins
  3 kobolds (D:1)
  2 bats (D:1)
  3 frilled lizards (D:1)
  3 rats
27 creatures vanquished.

Notes
Turn   | Place    | Note
-------+----------+-------------------------------------------
     0 | D:1      | Juicyj the Minotaur Gladiator began the quest for the Orb.
     0 | D:1      | Reached XP level 1. HP: 18/18 MP: 0/0
   216 | D:1      | Reached XP level 2. HP: 25/25 MP: 1/1
   732 | D:1      | Found a faded altar of an unknown god.
   736 | D:1      | Reached skill level 4 in Axes
   967 | D:2      | Reached XP level 3. HP: 26/31 MP: 2/2
  1048 | D:2      | Noticed Sigmund
  1059 | D:2      | HP: 1/31 [Sigmund/+0 scythe (6)]
  1060 | D:2      | Slain by Sigmund

Illustrated notes

Levels and vault maps discovered:
D:1:      dpeg_arrival_boxorama, layout_basic, basic_ecumenical_altar
D:2:      layout_basic, serial_shops, nicolae_shop_hallway_stairs, shop, shop,
          shop_fountains, uniq_sigmund

Skill      XL: |  1  2 |
---------------+-------+-----
Axes           | 4 |  4.1
Fighting       | 3 |  3.0
Throwing       | |  2.5
Dodging        | |  3.7

Action                     || total
---------------------------++-------
  Melee: War axe           ||    51
         Headbutt          ||     5
  Throw: Throwing net      ||     3
         Javelin           ||     1
    Use: Potion            ||     1
 Armour: Leather armour    ||    13
  Dodge: Dodged            ||    28

Table legend: (Time is in decaauts)
 A = Elapsed time spent in this place.
 B = Non-inter-level travel time spent in this place.
 C = Inter-level travel time spent in this place.
 D = Time resting spent in this place.
 E = Time spent auto-exploring this place.
 F = Levels seen in this place.
 G = Mean time per level.
                   A        B        C        D        E       F      G
               +--------+--------+--------+--------+--------+-----+--------+
         Total |   1075 |   1068 |      7 |      0 |    901 |   2 |  537.5 |
       Dungeon |   1075 |   1068 |      7 |      0 |    901 |   2 |  537.5 |
               +--------+--------+--------+--------+--------+-----+--------+

Top non-repeatable levels by time:
     D:1: 967 daAuts
     D:2: 107 daAuts
